 Dungeon Crawl Stone Soup version 0.28.0-45-g0d030f2227 (webtiles) character file.

Game seed: 15459654604442748443

70 Bruhh the Magician (level 4, 0/31 HPs)
             Began as a Djinni Conjurer on Apr 23, 2022.
             Killed by divine providence
             ... invoked by an orc priest
              (14 damage)
             ... on level 3 of the Dungeon.
             The game lasted 00:04:12 (2434 turns).

Bruhh the Magician (Djinni Conjurer)                Turns: 2434, Time: 00:04:13

Health: 0/31       AC:  2    Str:  6    XL:     4   Next: 44%
Gold:   66         EV: 12    Int: 22    God:
                   SH:  0    Dex: 11

rFire   + + .      SeeInvis .   (no weapon)
rCold   x . .      Faith    .   (no shield)
rNeg    . . .      Spirit   .   a - +0 robe
rPois   ∞          Reflect  .   (no helmet)
rElec   .          Harm     .   (no cloak)
rCorr   .          Rampage  .   (no gloves)
Will    .....                   (boots unavailable)
Stlth   ++........              (no amulet)
HPRegen 0.10/turn               (no ring)
MPRegen 0.00/turn               (no ring)

@: flying
A: sickness immunity, fire resistance 2, cold vulnerability 1, float, innate
caster, HP casting, extra vitality 1
a: no special abilities


You were on level 3 of the Dungeon.
You visited 1 branch of the dungeon, and saw 3 of its levels.

You collected 66 gold pieces.

Inventory:

Armour
 a - a +0 robe (worn)
Wands
 g - a wand of polymorph (6)
Scrolls
 c - 3 scrolls of teleportation {unknown}
 d - a scroll of summoning {unknown}
Potions
 b - a potion of might {unknown}
 e - a potion of degeneration {unknown}
 f - 3 potions of heal wounds {unknown}


   Skills:
 - Level 2.1 Dodging
 - Level 1.5 Stealth
 + Level 4.4 Spellcasting


You couldn't memorise any spells.
You knew the following spells:

 Your Spells              Type           Power      Damage    Failure   Level
a - Magic Dart            Conj           96%        1d7       1%          1
b - Searing Ray           Conj           48%        2d6       2%          2
c - Dazzling Flash        Conj/Hex       48%        N/A       4%          3
d - Fulminant Prism       Conj/Hex       12%        3d9       17%         4
e - Iskenderun's Mystic   Conj/Tloc      24%        2d7       17%         4
f - Animate Skeleton      Necr           48%        N/A       1%          1
Your spell library was empty.

Dungeon Overview and Level Annotations

Branches:
Dungeon (3/15)

Altars:

Shops:
D:2 *


Innate Abilities, Weirdness & Mutations

You are immune to sickness and miasma.
You are immune to poison.
Your flesh is very heat resistant. (rF++)
You are vulnerable to cold. (rC-)
You float through the air rather than walking.
You learn spells naturally, not from books.
Your magical power is your life essence.
You have superior vitality. (+4 MHP)


Message History

An orc priest comes into view. It is wielding a +2 dagger of speed.
An orc comes into view. It is wielding a +0 flail.
There are monsters nearby!
There are monsters nearby!
The magic dart hits the orc.
You kill the orc!
A giant cockroach comes into view.
An orc comes into view. It is wielding a +0 flail.
The magic dart hits the giant cockroach but does no damage.
The orc priest casts a cantrip, but nothing happens.
The magic dart hits the giant cockroach but does no damage.
The magic dart hits the giant cockroach.
You kill the giant cockroach!
An orc comes into view. It is wielding a +0 falchion.
An orc comes into view. It is wielding a +0 dagger.
The magic dart hits the orc.
The orc is heavily wounded.
The orc shouts! x2
The magic dart hits the orc.
The orc is almost dead.
The orc priest miscasts a cantrip.
The orc closely misses you.
The magic dart hits the orc but does no damage.
The orc is almost dead.
The orc priest looks satisfied for a moment.
An orc comes into view. It is wielding a +0 war axe.
The orc hits you with a +0 flail!
An orc priest comes into view. It is wielding a +0 whip.
There is a stone staircase leading up here.
The orc priest miscasts a cantrip.
The orc hits you but does no damage.
You fly upwards.
There is a stone staircase leading down here.
The orc barely misses you.
You fly downwards.
The orc hits you with a +0 flail.
There is a stone staircase leading up here.
The orc barely misses you.
The orc priest calls down the wrath of Beogh upon you.
Beogh smites you!
You die...

############
#..........#
#..........#
#.....o....#
#.....o@...#
#.....o....#
#.....o....#
#...o......#
#o#.########
#.#.# ######
##.#.#
......##..o.#
...$..#...###


You could see 2 orc priests and 4 orcs.

Vanquished Creatures
  A worm (D:2)
  2 orcs (D:3)
  5 bats
  4 endoplasms
  2 giant cockroaches
  5 goblins
  6 hobgoblins
  8 jackals
  3 kobolds (D:1)
  2 quokkas
  7 ball pythons
  3 frilled lizards
  9 rats
57 creatures vanquished.

Notes
Turn   | Place    | Note
-------+----------+-------------------------------------------
     0 | D:1      | Bruhh the Djinni Conjurer began the quest for the Orb.
     0 | D:1      | Reached XP level 1. HP: 15/15 MP: 0/0
   218 | D:1      | Reached XP level 2. HP: 20/21 MP: 0/0
   271 | D:1      | Found a faded altar of an unknown god.
   666 | D:1      | Reached XP level 3. HP: 21/25 MP: 0/0
   666 | D:1      | Learned a level 1 spell: Animate Skeleton
   731 | D:1      | Reached skill level 4 in Spellcasting
  1517 | D:2      | Reached XP level 4. HP: 29/31 MP: 0/0
  2152 | D:2      | Found Hexzuim's General Store.
  2434 | D:3      | Killed from afar by an orc priest

Illustrated notes

Levels and vault maps discovered:
D:1:      dpeg_arrival_castle, layout_rooms,
          shapermc_ecumenical_altar_hornbeckon
D:2:      layout_basic, serial_shops, shop
D:3:      layout_rooms, uniq_terence

Skill      XL: |  1  2  3 |
---------------+----------+-----
Spellcasting   | 4 |  4.4
Dodging        | |  2.1
Stealth        | |  1.5

Action                   |  1- 3 |  4- 6 || total
-------------------------+-------+-------++-------
 Cast: Magic Dart        |    70 |    35 ||   105
       Searing Ray       |     4 |       ||     4
Armor: Robe              |     3 |     1 ||     4
Dodge: Dodged            |     8 |     5 ||    13
